 Dungeon Crawl Stone Soup version 0.31-a0-1589-g8f5e8aebd6 (webtiles) character file.

Game seed: 147908833627644582

3213 magipi the Basher (level 9, 0/78 (85) HPs)
             Began as an Oni Berserker on Jan 5, 2024.
             Was a High Priest of Trog.
             Slain by a wight
             ... wielding a +0 mace of protection
              (7 damage)
             ... on level 7 of the Dungeon.
             The game lasted 00:18:31 (6896 turns).

magipi the Basher (Oni Berserker)                   Turns: 6896, Time: 00:18:32

HP:   0/78 (85)     AC:  5    Str: 23    XL:     9   Next: 97%
MP:   9/9           EV: 10    Int:  8    God:    Trog [*****.]
Gold: 377           SH:  0    Dex: 12    Spells: 8/8 levels left

rFire   . . .        b - +0 flail (venom)
rCold   + . .        (no shield)
rNeg    . . .        B - +2 robe {rC+}
rPois   .            (helmet restricted)
rElec   .            (no cloak)
rCorr   .            (gloves unavailable)
SInv    .            (boots unavailable)
Will    +....        r - amulet of faith
Stlth   +            (no ring)
HPRegen 0.33/turn    (no ring)
MPRegen 0.11/turn

%: faith
@: on berserk cooldown, enlightened, flying, slowed, studying Throwing, drained,
very slow
A: large, unfitting armour, horns 1, tough skin 1, double potion healing,
drunken brawling
a: Renounce Religion, Berserk, Trog's Hand, Brothers in Arms


You were on level 7 of the Dungeon.
You worshipped Trog.
Trog was extremely pleased with you.
You visited 1 branch of the dungeon, and saw 7 of its levels.

You collected 377 gold pieces.

Inventory:

Hand Weapons
 a - a +2 flail of protection
   (You took it off a gnoll on level 2 of the Dungeon)
 b - a +0 flail of venom (weapon)
   (You took it off an orc on level 7 of the Dungeon)
Missiles
 m - 8 boomerangs (quivered)
Armour
 q - a +0 tower shield
   (You found it on level 3 of the Dungeon)
 B - a +2 robe of cold resistance (worn)
   (You took it off Blork the orc on level 6 of the Dungeon)
Jewellery
 r - an amulet of faith (around neck)
   (You found it on level 3 of the Dungeon)
Wands
 o - a wand of quicksilver (11)
   (You found it on level 3 of the Dungeon)
 y - a wand of flame (35)
   (You took it off Natasha on level 4 of the Dungeon)
 C - a wand of mindburst (9)
   (You found it on level 6 of the Dungeon)
Scrolls
 c - a scroll of silence {unknown}
 d - 5 scrolls of identify {unknown}
 e - a scroll of immolation {unknown}
 f - 5 scrolls of teleportation {unknown}
 g - 2 scrolls of enchant weapon {unknown}
 i - a scroll of blinking {unknown}
 t - 3 scrolls of enchant armour {unknown}
 w - a scroll of vulnerability {unknown}
 x - a scroll of revelation {unknown}
 D - a scroll of summoning {unknown}
Potions
 h - a potion of brilliance {unknown}
 j - 2 potions of enlightenment
 k - a potion of curing {unknown}
 l - a potion of degeneration {unknown}
 n - a potion of lignification {unknown}
 p - 4 potions of heal wounds {unknown}
 s - 2 potions of cancellation {unknown}
 u - a potion of attraction {unknown}
 v - a potion of magic {unknown}
 z - 2 potions of might {unknown}
 A - 4 potions of mutation {unknown}


   Skills:
 + Level 4.5 Fighting
 - Level 10.2 Maces & Flails
 - Level 10.0 Throwing
 + Level 3.1 Dodging
 + Level 4.9 Evocations


You had 8 spell levels left.
You didn't know any spells.
Your spell library contained the following spells:

 Spells                   Type           Power      Damage    Failure   Level
 Magic Dart               Conj           0%         1d3       41%         1
 Sandblast                Erth           0%         2d4       41%         1
 Lesser Beckoning         Tloc           0%         N/A       54%         2
 Searing Ray              Conj           0%         2d4       54%         2
 Dazzling Flash           Conj/Hex       0%         N/A       78%         3
 Gell's Gravitas          Tloc           0%         N/A       78%         3
 Mephitic Cloud           Conj/Alch/Air  0%         N/A       78%         3
 Ozocubu's Armour         Ice            0%         N/A       78%         3
 Passwall                 Erth           0%         N/A       78%         3
 Stone Arrow              Conj/Erth      0%         3d7       78%         3
 Teleport Other           Tloc           0%         N/A       78%         3
 Brom's Barrelling Bould  Conj/Erth      0%         2d3       99%         4
 Fulminant Prism          Conj/Alch      0%         3d5       99%         4
 Curse of Agony           Necr           0%         N/A       100%        5
 Fireball                 Conj/Fire      0%         3d3       100%        5
 Iskenderun's Battlesphe  Conj           0%         2d6       100%        5
 Metabolic Englaciation   Hex/Ice        0%         N/A       100%        5
 Silence                  Hex/Air        0%         N/A       100%        5
 Conjure Ball Lightning   Conj/Air       0%         3x3d6     100%        6
 Sculpt Simulacrum        Ice/Alch       0%         N/A       100%        6
 Orb of Destruction       Conj           0%         9d5       100%        7


Dungeon Overview and Level Annotations

Branches:
Dungeon (7/15)             Temple (0/1) D:5

Altars:

Shops:
D:2 *   D:7 [

Annotations:
D:5 3 runed translucent doors, Flugslaktarn's ghost, novice MiFi


Innate Abilities, Weirdness & Mutations

You are too large for most types of armour.
You have a pair of small horns on your head.
You have tough skin. (AC +1)
You gain doubled healing and magic from potions.
Whenever you drink a healing potion, you attack all around you.


Message History

You headbutt the wight, but do no damage.
The wight is lightly damaged.
The wight hits you with a +2 spear.
You feel drained.
Unknown command.
You closely miss the wight. You headbutt the wight!
The wight is severely damaged.
The wight hits you with a +2 spear.
Unknown command.
You barely miss the wight.
The wight is severely damaged.
The wight barely misses you.
Unknown command.
A red film seems to cover your vision as you go berserk!
You feel yourself moving faster!
You feel mighty! The wight barely misses you.
You hit the wight.
You destroy the wight!
Trog accepts your kill.
Unknown command.
The wight closely misses you. The wight barely misses you.
Things that are here:
a +2 spear; a +0 robe Unknown command.
You hit the wight but do no damage. You headbutt the wight.
The wight is lightly damaged.
The wight hits you with a +0 long sword.
You feel drained. The wight barely misses you.
Unknown command.
You closely miss the wight. Your headbutt misses the wight.
The wight is lightly damaged.
Unknown command.
You hit the wight.
The wight is moderately damaged.
The wight barely misses you. The wight hits you with a +0 scimitar!
You feel drained.
Unknown command.
You closely miss the wight. You headbutt the wight!
You destroy the wight!
Trog accepts your kill. The wight barely misses you.
Unknown command.
You hit the wight.
The wight is lightly damaged.
Unknown command.
You hit the wight but do no damage.
The wight is lightly damaged.
The wight hits you with a +0 scimitar.
You feel drained. The wight hits you with a +0 scimitar.
You feel drained.
You are too injured to fight recklessly!
Unknown command.
You are too injured to fight recklessly!
Unknown command.
You are too injured to fight recklessly!
Unknown command.
You are too injured to fight recklessly!
Unknown command.
You are too injured to fight recklessly!
Unknown command.
You are too injured to fight recklessly!
Unknown command.
Unknown command.
You sock the wight!
The wight is severely damaged.
The wight hits you with a +0 scimitar!
You feel drained. The wight hits you with a +0 scimitar!
You hit the wight.
The wight is almost destroyed.
You sock the wight!
You destroy the wight!
Trog accepts your kill. The wight closely misses you.
Your Dodging skill increases to level 3!
You thump the wight! You headbutt the wight.
The wight is severely damaged.
You bludgeon the wight!!
You destroy the wight!
Trog accepts your kill.
You are no longer berserk.
You are exhausted.
You feel yourself slow down.
The wight hits you with a +0 mace of protection.
You hit the wight but do no damage.
The wight hits you with a +0 mace of protection!
* * * LOW HITPOINT WARNING * * *
You feel drained.
You closely miss the wight.
The wight hits you with a +0 mace of protection.
* * * LOW HITPOINT WARNING * * *
You feel drained.
* * * LOW HITPOINT WARNING * * *
The wight hits you with a +0 mace of protection.
* * * LOW HITPOINT WARNING * * *
You sock the wight!
The wight is heavily damaged.
The wight hits you with a +0 mace of protection.
* * * LOW HITPOINT WARNING * * *
It was a potion of enlightenment.
You feel very buoyant.
You fly up into the air.
The wight hits you with a +0 mace of protection!
You die...

........#....##
..............#
....###.......##
.......
...####..†.....#
....... ..##
#.........# .z.....
.## ##.........##
...zz.. ##
#...........# ...)..#
# #........#..##
......#
#.......####@##......#
#......## #z).......#
##....## #..#......#
##.### #.#####..## ###
#..# ## ### #.##
#.###### ..
.......#### #.#
.......<..###.#


You could see a wight.

Vanquished Creatures
  A hornet (D:7)
  Grinder (D:4)
  A steam dragon (D:6)
  A black bear (D:7)
  2 ice beasts
  An orc warrior (D:6)
  2 sky beasts (D:7)
  An ogre (D:6)
  2 centaurs (D:4)
  4 bullfrogs
  Blork the orc (D:6)
  2 scorpions
  9 wights
  A howler monkey (D:6)
  2 bombardier beetles
  3 hounds
  5 orc priests
  A sleepcap (D:4)
  Natasha (thrice) (D:4)
  Terence (D:3)
  4 iguanas
  4 orc wizards
  7 gnolls
  10 adders
  A shadow imp (D:5)
  4 white imps
  2 ufetubi (D:6)
  4 ribbon worms
  28 orcs
  4 bats (D:2)
  8 endoplasms
  3 giant cockroaches
  7 goblins
  6 hobgoblins
  2 quokkas
  9 ball pythons
  5 frilled lizards
  5 kobolds
  8 rats
165 creatures vanquished.

Notes
Turn   | Place    | Note
-------+----------+-------------------------------------------
     0 | D:1      | magipi the Oni Berserker began the quest for the Orb.
     0 | D:1      | Reached XP level 1. HP: 24/24 MP: 1/1
   171 | D:1      | Reached XP level 2. HP: 22/32 MP: 2/2
   382 | D:1      | Found a faded altar of an unknown god.
   465 | D:1      | Reached XP level 3. HP: 35/39 MP: 3/3
   683 | D:2      | Found Vegaj's Assorted Antiques.
   795 | D:2      | Reached ** piety under Trog
   840 | D:2      | Reached XP level 4. HP: 17/48 MP: 4/4
   842 | D:2      | Reached skill level 5 in Maces & Flails
  1556 | D:3      | Noticed Terence
  1568 | D:3      | Killed Terence
  1569 | D:3      | Reached XP level 5. HP: 51/54 MP: 0/5
  2266 | D:4      | Reached XP level 6. HP: 54/62 MP: 6/6
  2555 | D:4      | Reached *** piety under Trog
  2588 | D:4      | Noticed Natasha
  2592 | D:4      | Killed Natasha
  2617 | D:4      | Noticed Grinder
  2623 | D:4      | Paralysed by Grinder for 4 turns
  2643 | D:4      | Killed Grinder
  2644 | D:4      | Reached XP level 7. HP: 64/70 MP: 7/7
  2947 | D:4      | Noticed Natasha
  2957 | D:4      | Killed Natasha
  2958 | D:4      | Reached skill level 1 in Throwing
  3049 | D:4      | Noticed Natasha
  3056 | D:4      | Killed Natasha
  3548 | D:5      | Entered Level 5 of the Dungeon
  3752 | D:5      | Found a staircase to the Ecumenical Temple.
  3884 | D:5      | Reached XP level 8. HP: 78/78 MP: 8/8
  3938 | D:5      | Found a runed translucent gate.
  3941 | D:5      | Found a runed translucent gate.
  3942 | D:5      | Found a runed translucent gate.
  3943 | D:5      | Identified the +7 mace of Muneilenn {freeze, rF+}
  3946 | D:5      | Noticed Flugslaktarn's ghost (novice MiFi)
  4632 | D:6      | Reached **** piety under Trog
  4669 | D:6      | Noticed Blork the orc
  4681 | D:6      | Killed Blork the orc
  4691 | D:6      | Reached skill level 10 in Maces & Flails
  4691 | D:6      | Reached skill level 5 in Throwing
  5023 | D:6      | Reached skill level 1 in Evocations
  5036 | D:6      | Reached XP level 9. HP: 84/84 MP: 9/9
  5449 | D:7      | Found Tuutiun's Antique Armour Emporium.
  5826 | D:7      | Reached ***** piety under Trog
  6032 | D:7      | Noticed a hornet
  6035 | D:7      | Paralysed by a hornet for 3 turns
  6040 | D:7      | Killed a hornet
  6822 | D:7      | Reached skill level 10 in Throwing
  6896 | D:7      | Slain by a wight

Illustrated notes

Levels and vault maps discovered:
D:1:      dpeg_chamrin_arrival_tetris, layout_rooms,
          dilly_ecumenical_altar_fadedgnrine
D:2:      layout_loops_cross, serial_shops, shop
D:3:      layout_rooms, nicolae_concentric_dashed_squares_wild, minivault_24,
          uniq_terence
D:4:      nicolae_cairo_tiling_large, layout_layer_cave, minmay_manual_mares,
          uniq_natasha, uniq_grinder
D:5:      layout_loops_corners, temple_doors_e, biasface_ghost_orc_armoury
D:6:      layout_loops_ring, kennysheep_crisscross, nicolae_zig_zag_zippers,
          uniq_blork_the_orc
D:7:      layout_cave_pods, serial_shops, shop, minmay_small_thing

Skill      XL: |  1  2  3  4  5  6  7  8  9 |
---------------+----------------------------+-----
Maces & Flails | 4 5 6 7 9 10 | 10.2
Throwing       | 2 6 10 | 10.0
Evocations     | 1 4 |  4.9
Dodging        | 3 |  3.1
Fighting       | |  4.5

Action                     |  1- 3 |  4- 6 |  7- 9 || total
---------------------------+-------+-------+-------++-------
  Melee: Mace              |    77 |    22 |       ||    99
         Headbutt          |     7 |    28 |    52 ||    87
         Flail             |       |   112 |   285 ||   397
         Punch             |       |       |     2 ||     2
 Invoke: Berserk           |     2 |     2 |     4 ||     8
         Trog's Hand       |       |     1 |       ||     1
  Evoke: Wand              |       |       |     2 ||     2
    Use: Potion            |       |       |     1 ||     1
   Stab: Sleeping          |       |     1 |       ||     1
 Armour: Animal skin       |    50 |    75 |    79 ||   204
         Robe              |       |       |   111 ||   111
  Dodge: Dodged            |    33 |    68 |   127 ||   228
  Block: Tower shield      |       |       |     2 ||     2

Table legend: (Time is in decaauts)
 A = Elapsed time spent in this place.
 B = Non-inter-level travel time spent in this place.
 C = Inter-level travel time spent in this place.
 D = Time resting spent in this place.
 E = Time spent auto-exploring this place.
 F = Levels seen in this place.
 G = Mean time per level.
                   A        B        C        D        E       F      G
               +--------+--------+--------+--------+--------+-----+--------+
         Total |   6961 |   6724 |    237 |    932 |   3373 |   7 |  994.4 |
       Dungeon |   6961 |   6724 |    237 |    932 |   3373 |   7 |  994.4 |
               +--------+--------+--------+--------+--------+-----+--------+

Top non-repeatable levels by time:
     D:7: 1269 daAuts
     D:4: 1259 daAuts
     D:5: 1112 daAuts
     D:2: 1028 daAuts
     D:6: 958 daAuts
     D:3: 673 daAuts
     D:1: 660 daAuts

Action                     |  1- 3 |  4- 6 |  7- 9 || total
---------------------------+-------+-------+-------++-------
  Melee: Mace              |    77 |    22 |       ||    99
         Headbutt          |     7 |    28 |    52 ||    87
         Flail             |       |   112 |   285 ||   397
         Punch             |       |       |     2 ||     2
 Invoke: Berserk           |     2 |     2 |     4 ||     8
         Trog's Hand       |       |     1 |       ||     1
  Evoke: Wand              |       |       |     2 ||     2
    Use: Potion            |       |       |     1 ||     1
   Stab: Sleeping          |       |     1 |       ||     1
 Armour: Animal skin       |    50 |    75 |    79 ||   204
         Robe              |       |       |   111 ||   111
  Dodge: Dodged            |    33 |    68 |   127 ||   228
  Block: Tower shield      |       |       |     2 ||     2
